 Dungeon Crawl Stone Soup version 0.25.1-9-gc5326a611f (webtiles) character file.

Game seed: 5867270315145735071

54 Balder the Covered (level 4, 0/31 HPs)
             Began as a Halfling Fighter on Dec 29, 2020.
             Was an Initiate of Okawaru.
             Slain by a gnoll (4 damage)
             ... on level 2 of the Dungeon.
             The game lasted 00:05:52 (1249 turns).

Balder the Covered (Halfling Fighter)               Turns: 1249, Time: 00:05:52

Health: 0/31       AC:  8    Str: 17    XL:     4   Next: 12%
Magic:  4/4        EV:  9    Int:  6    God:    Okawaru [......]
Gold:   78         SH:  9    Dex: 14    Spells: 3/3 levels left

rFire    . . .     SeeInvis .   a - +0 long sword
rCold    . . .     Gourm    .   c - +0 kite shield
rNeg     . . .     Faith    .   b - +0 scale mail
rPois    .         Spirit   .   (no helmet)
rElec    .         Reflect  .   n - +0 cloak
rCorr    .         Harm     .   (no gloves)
MR       .....                  (no boots)
Stlth    ..........             (no amulet)
HPRegen  0.10/turn              (no ring)
MPRegen  0.09/turn              (no ring)

@: mighty
A: small, mutation resistance 1
a: Renounce Religion


You were on level 2 of the Dungeon.
You worshipped Okawaru.
Okawaru was noncommittal.
You were not hungry.

You visited 1 branch of the dungeon, and saw 2 of its levels.

You collected 78 gold pieces.

Inventory:

Hand Weapons
 a - a +0 long sword (weapon)
 h - a +0 mace
 i - a +0 short sword
Missiles
 k - 12 poisoned darts (quivered)
Armour
 b - a +0 scale mail (worn)
 c - a +0 kite shield (worn)
 n - a +0 cloak (worn)
Scrolls
 e - 3 scrolls of remove curse {unknown}
 j - 2 scrolls of identify {unknown}
Potions
 l - a potion of berserk rage {unknown}
 m - a potion of degeneration {unknown}
Comestibles
 f - 4 rations
 g - 2 chunks of flesh


   Skills:
 * Level 3.0 Fighting
 * Level 2.3 Long Blades
 * Level 0.3 Maces & Flails
 * Level 0.6 Throwing
 * Level 3.8 Armour
 * Level 0.7 Dodging
 * Level 0.8 Stealth
 * Level 3.6 Shields


You had 3 spell levels left.
You didn't know any spells.
Your spell library was empty.

Dungeon Overview and Level Annotations

Branches:
Dungeon (2/15)

Altars:
Okawaru
Uskayaw


Innate Abilities, Weirdness & Mutations

You are small and have problems with some larger weapons.
You are somewhat resistant to further mutation.


Message History

You have reached level 4!
You block the gnoll's attack. The gnoll closely misses you.
The gnoll hits you but does no damage. x3
You hit the gnoll.
The gnoll is moderately wounded.
The gnoll hits you with a +0 flail!
* * * LOW HITPOINT WARNING * * *
You block the gnoll's attack.
The gnoll hits you from afar with a +0 spear.
* * * LOW HITPOINT WARNING * * *
You hit the gnoll.
The gnoll is severely wounded.
The gnoll hits you but does no damage. You block the gnoll's attack. x3
You slash the gnoll!
The gnoll is severely wounded.
You block the gnoll's attack. x2; The gnoll hits you.
* * * LOW HITPOINT WARNING * * *
The gnoll hits you but does no damage. The gnoll hits you.
You die...

. .. ... #.....#... ...
....##.. ....#.##..#..) ##.#
.#.##.###..#.#.........
..... ...<.... ............÷
......#g##...#..............
......#.##...#..#.....#.#...
.........'...#..#.....#.....
........g#†..#..#.........#.
..........g@................
##########g.................
##.#.#..#.#.........
...#....#...........
.....#.#..#.#.##.##...
...........#.#.##.##...
#####.#.........#.##...
#.#.#..###....##...
...............##...


You could see 3 gnolls.

Vanquished Creatures
  A gnoll (D:2)
  An adder (D:2)
  2 leopard geckos
  A giant cockroach (D:1)
  4 goblins
  6 hobgoblins
  2 jackals (D:2)
  6 kobolds
  A ball python (D:1)
  4 bats
  2 frilled lizards (D:2)
  3 rats
33 creatures vanquished.

Notes
Turn   | Place    | Note
-------+----------+-------------------------------------------
     0 | D:1      | Balder the Halfling Fighter began the quest for the Orb.
     0 | D:1      | Reached XP level 1. HP: 15/15 MP: 1/1
   124 | D:1      | Found an iron altar of Okawaru.
   135 | D:1      | Reached XP level 2. HP: 20/20 MP: 2/2
   147 | D:1      | Became a worshipper of Warmaster Okawaru
   677 | D:1      | Reached XP level 3. HP: 25/25 MP: 3/3
   976 | D:2      | Found a hide-covered altar of Uskayaw.
  1245 | D:2      | Reached XP level 4. HP: 16/31 MP: 4/4
  1249 | D:2      | Slain by a gnoll

Illustrated notes

Levels and vault maps discovered:
D:1:      dpeg_arrival_erosion, layout_loops_ring, okawaru_ov_weapons_minmay
D:2:      layout_basic, eat_drink_and_be_merry_uskayaw,
          chequers_ecumenical_altar_lobes, chequers_jeans

Skill      XL: |  1  2  3 |
---------------+----------+-----
Fighting       | 3 |  3.0
Long Blades    | |  2.3
Maces & Flails | |  0.3
Throwing       | |  0.6
Armour         | |  3.8
Dodging        | |  0.7
Stealth        | |  0.8
Shields        | |  3.6

Action                   |  1- 3 |  4- 6 || total
-------------------------+-------+-------++-------
Melee: Long sword        |    76 |     3 ||    79
Throw: Dart              |     8 |       ||     8
  Use: Potion            |     1 |       ||     1
  Eat: Chunk             |     1 |       ||     1
Armor: Scale mail        |    32 |     5 ||    37
Dodge: Dodged            |    29 |     1 ||    30
Block: Kite shield       |    44 |     7 ||    51
       Rpst.: Long sword |     9 |       ||     9
